 Dungeon Crawl Stone Soup version 0.18.1-50-g88ac8fd (webtiles) character file.

417 thewizardguy the Ducker (level 6, -4/56 HPs)
             Began as a Minotaur Berserker on Oct 2, 2016.
             Was a Priest of Trog.
             Shot with an arrow by a centaur (10 damage)
             ... on level 4 of the Dungeon.
             The game lasted 00:14:42 (2255 turns).

thewizardguy the Ducker (Minotaur Berserker)        Turns: 2255, Time: 00:14:43

Health: -4/56      AC:  6    Str: 23    XL:     6   Next: 61%
Magic:  5/5        EV: 16    Int:  4    God:    Trog [***...]
Gold:   219        SH:  0    Dex: 10    Spells: 0 memorised, 5 levels left

rFire  . . .     SeeInvis +     x - +1 spear (venom)
rCold  . . .     Gourm    .     y - +3 leather armour
rNeg   . . .     Faith    +     (no shield)
rPois  .         Spirit   .     (helmet restricted)
rElec  .         Dismiss  .     (no cloak)
rCorr  .         Reflect  .     (no gloves)
SustAt .         Harm     .     (no boots)
MR     .....                    n - amulet of faith
Stlth  +.........               r - ring of see invisible
                                q - +3 ring of evasion

@: not resistant to hostile enchantments, very unstealthy
A: retaliatory headbutt, horns 2
a: Berserk, Trog's Hand, Burn Spellbooks, Renounce Religion


You were on level 4 of the Dungeon.
You worshipped Trog.
Trog was most pleased with you.
You were not hungry.

You visited 1 branch of the dungeon, and saw 4 of its levels.

You collected 219 gold pieces.

Inventory:

Hand Weapons
 a - a +0 hand axe
 h - a +6 spear
 x - a +1 spear of venom (weapon)
Armour
 b - a +0 animal skin
 k - a +0 leather armour
 y - a +3 leather armour (worn)
Jewellery
 n - an amulet of faith (around neck)
 q - a +3 ring of evasion (left hand)
 r - a ring of see invisible (right hand)
Scrolls
 g - 4 scrolls of amnesia
 o - 2 scrolls of teleportation
 s - 2 scrolls of remove curse
 t - 3 scrolls of identify
 w - 2 scrolls of fear
Potions
 e - a potion of heal wounds
 i - a potion of might {unknown}
 l - a potion of flight
 m - a potion of degeneration {unknown}
 p - a potion of resistance {unknown}
 u - a potion of berserk rage {unknown}
 v - a potion of lignification {unknown}
Comestibles
 c - 4 bread rations
 f - 2 meat rations
 j - 2 fruits


   Skills:
 + Level 5.2 Fighting
 + Level 4.7(5.1) Axes
 + Level 2.6(4.1) Polearms
 + Level 2.6 Armour
 + Level 5.3 Dodging
 + Level 1.3 Stealth


You had 5 spell levels left.
You didn't know any spells.

Dungeon Overview and Level Annotations

Branches:
Dungeon (4/15)
 Temple: D:4-7

Altars:
Fedhas


Innate Abilities, Weirdness & Mutations

You reflexively headbutt those who attack you in melee.
You have a pair of horns on your head.


Message History

The bush is lightly damaged.
The centaur shoots an arrow.
The arrow barely misses you.
The centaur shoots an arrow.
The arrow hits you!
You see here an arrow.
Something hits the bush but does no damage.
Something hits the bush but does no damage.
The centaur wields an uncursed shortbow.
The centaur shoots an arrow.
The arrow barely misses you.
The centaur unwields an uncursed shortbow.
The centaur hits the bush but does no damage.
The centaur wields an uncursed shortbow.
The centaur shoots an arrow.
The arrow closely misses you.
The centaur unwields an uncursed shortbow.
The centaur hits the bush but does no damage.
The centaur wields an uncursed shortbow.
The centaur shoots an arrow.
The arrow hits you!
* * * LOW HITPOINT WARNING * * *
You see here an arrow.
The centaur shoots an arrow.
The arrow hits you!
You die...

#...((((...PPP.
#....(..((PP...
#####.##.PP_PP.##
#.#..PPPcP..# #
###.#...PPPP..# #.
#.............#
#..##....(#..#....#
......(.###(......#
#####...###@.......
#......(..##...#
##..............
##..........#..
#..........#.. ###
###............ #.#
#...........###.
####.###.............
#...................#


You could see a centaur.

Vanquished Creatures
  An orc warrior (D:4)
  A hound (D:4)
  An orc wizard (D:4)
  2 orc priests (D:4)
  A worker ant (D:4)
  A hound skeleton (D:4)
  3 adders
  4 gnolls (D:4)
  2 adder skeletons (D:4)
  6 worms
  A dart slug (D:2)
  3 giant geckos
  4 orcs (D:4)
  2 giant cockroaches (D:3)
  11 goblins
  7 hobgoblins
  5 kobolds
  4 quokkas
  5 ball pythons
  4 bats (D:1)
  A giant cockroach zombie (D:3)
  3 giant newts
  7 rats
79 creatures vanquished.

Notes
Turn   | Place    | Note
--------------------------------------------------------------
     0 | D:1      | thewizardguy the Minotaur Berserker began the quest for the Orb.
     0 | D:1      | Reached XP level 1. HP: 19/19 MP: 0/0
   148 | D:1      | Reached XP level 2. HP: 20/27 MP: 1/1
   713 | D:2      | Reached ** piety under Trog
   796 | D:2      | Reached XP level 3. HP: 32/33 MP: 2/2
  1312 | D:3      | Reached skill level 1 in Polearms
  1312 | D:3      | Reached XP level 4. HP: 41/41 MP: 3/3
  1477 | D:3      | Reached *** piety under Trog
  1794 | D:4      | Reached XP level 5. HP: 40/47 MP: 4/4
  1825 | D:4      | Reached skill level 5 in Fighting
  1825 | D:4      | Reached skill level 1 in Stealth
  1984 | D:4      | Noticed an orc warrior
  2003 | D:4      | Killed an orc warrior
  2003 | D:4      | Reached skill level 5 in Dodging
  2003 | D:4      | Reached XP level 6. HP: 29/56 MP: 5/5
  2154 | D:4      | Found a blossoming altar of Fedhas.
  2255 | D:4      | Shot with an arrow by a centaur

Skill      XL: |  1  2  3  4  5 |
---------------+----------------+-----
Fighting       | 4 5 |  5.2
Axes           | 4 |  4.7
Polearms       | 1 2 |  2.6
Dodging        | 3 5 |  5.3
Stealth        | 1 |  1.3
Armour         | |  2.6

Action                   |  1- 3 |  4- 6 || total
-------------------------+-------+-------++-------
Melee: Hand axe          |    19 |       ||    19
       Headbutt          |     4 |    13 ||    17
       Spear             |    62 |    60 ||   122
Invok: Trog's Hand       |     1 |     1 ||     2
       Berserk           |       |     1 ||     1
       Burn Spellbooks   |       |     1 ||     1
  Use: Scroll            |     8 |     3 ||    11
       Potion            |       |     2 ||     2
  Eat: Chunk             |     1 |     3 ||     4
       Beef jerky        |       |     1 ||     1
Armor: Animal skin       |    10 |     4 ||    14
       Leather armour    |       |     4 ||     4
Dodge: Dodged            |    46 |    54 ||   100
